 Dungeon Crawl Stone Soup version 0.27-a0-860-gaf99fae3ca (webtiles) character file.

Game seed: 10979013921219936411

151 rocky1 the Shield-Bearer (level 5, 0/32 HPs)
             Began as a Gargoyle Fighter on Apr 2, 2021.
             Slain by a gnoll
             ... wielding a +5 club
              (5 damage)
             ... on level 3 of the Dungeon.
             The game lasted 00:03:43 (1839 turns).

rocky1 the Shield-Bearer (Gargoyle Fighter)         Turns: 1839, Time: 00:03:44

Health: 0/32       AC: 12    Str: 20    XL:     5   Next: 33%
Magic:  5/5        EV:  7    Int:  8    God:
Gold:   57         SH:  9    Dex: 10    Spells: 4/4 levels left

rFire    . . .     SeeInvis .   k - +3 mace (holy)
rCold    . . .     Faith    .   c - +0 kite shield
rNeg     + . .     Spirit   .   b - +0 scale mail
rPois    ∞         Reflect  .   (no helmet)
rElec    +         Harm     .   a - +0 cloak
rCorr    .         Rampage  .   (no gloves)
Will     .....                  (no boots)
Stlth    ..........             (no amulet)
HPRegen  0.10/turn              (no ring)
MPRegen  0.09/turn              (no ring)

@: mighty
A: AC +4, negative energy resistance 1, electricity resistance, torment
resistance 1, unbreathing 1, petrification resistance
a: no special abilities


You were on level 3 of the Dungeon.
You visited 1 branch of the dungeon, and saw 3 of its levels.

You collected 57 gold pieces.

Inventory:

Hand Weapons
 k - a +3 mace of holy wrath (weapon)
Armour
 a - a +0 cloak (worn)
 b - a +0 scale mail (worn)
 c - a +0 kite shield (worn)
Scrolls
 f - a scroll of silence {unknown}
 g - a scroll of noise {unknown}
 h - 4 scrolls of identify {unknown}
 i - a scroll of holy word {unknown}
 l - a scroll of vulnerability {unknown}
Potions
 e - a potion of ambrosia {unknown}
 j - 3 potions of curing {unknown}


   Skills:
 - Level 3.2 Fighting
 + Level 4.0 Maces & Flails
 - Level 3.2 Armour
 + Level 5.1 Shields


You had 4 spell levels left.
You didn't know any spells.
Your spell library was empty.

Dungeon Overview and Level Annotations

Branches:
Dungeon (3/15)

Altars:


Innate Abilities, Weirdness & Mutations

Your stone body is resilient. (AC +4)
You are immune to poison.
You resist negative energy. (rN+)
You are resistant to electric shocks. (rElec)
You are resistant to unholy torment.
You can survive without breathing.
You are immune to petrification.


Message History

The gnoll shouts!
You hear a shout!
A gnoll comes into view. It is wielding a +0 club.
You hear a shout!
You completely miss the gnoll. You closely miss the gnoll.
The gnoll barely misses you. x2
The gnoll hits you with a +0 club.
You closely miss the gnoll. The gnoll hits you but does no damage.
The gnoll barely misses you.
You closely miss the gnoll. The gnoll hits you with a +5 club.
A gnoll comes into view. It is wielding a +3 flail.
The gnoll hits you with a +0 club. The gnoll hits you with a +5 club.
The gnoll completely misses you.
The gnoll shouts!
You thump the gnoll!
The gnoll is severely wounded.
You block the gnoll's attack. The gnoll hits you with a +0 club.
You sock the gnoll!
You kill the gnoll!
The gnoll hits you with a +5 club.
Your Maces & Flails skill increases to level 4!
The gnoll closely misses you.
There is a stone staircase leading up here.
There are no items here.
The gnoll hits you with a +3 flail. You block the gnoll's attack.
Unknown command.
You feel very mighty all of a sudden. The gnoll hits you with a +5 club.
* * * LOW HITPOINT WARNING * * *
The gnoll barely misses you.
Unknown command.
You sock the gnoll!
The gnoll is heavily wounded.
The gnoll hits you with a +5 club.
* * * LOW HITPOINT WARNING * * *
The gnoll closely misses you.
Unknown command.
You sock the gnoll!
You kill the gnoll!
The gnoll hits you with a +5 club.
You die...

#..#..#.#
##.#....# #...# #
#..## .## ##..###
###...
#.....####....
#....###).##..###
...####......>...#
## #....##...)@..#
#.........g...#
#..#####..##..#
....
##.....†...... ###
####.........
###....... .......
>...... #......


You could see a gnoll.

Vanquished Creatures
  A scorpion (D:2)
  Crazy Yiuf (D:2)
  2 gnolls (D:3)
  An adder (D:2)
  A worm (D:2)
  2 dart slugs
  2 endoplasms (D:1)
  2 giant cockroaches (D:1)
  5 goblins
  2 hobgoblins
  A kobold (D:1)
  2 quokkas
  7 ball pythons
  A ball python skeleton (D:2)
  3 bats
  A frilled lizard (D:2)
  6 rats
40 creatures vanquished.

Vanquished Creatures (others)
  2 plants (D:1)
2 creatures vanquished.

Grand Total: 42 creatures vanquished

Notes
Turn   | Place    | Note
-------+----------+-------------------------------------------
     0 | D:1      | rocky1 the Gargoyle Fighter began the quest for the Orb.
     0 | D:1      | Reached XP level 1. HP: 14/14 MP: 1/1
   273 | D:1      | Reached XP level 2. HP: 19/19 MP: 2/2
   769 | D:1      | Reached XP level 3. HP: 23/23 MP: 3/3
   942 | D:2      | Noticed a scorpion
   959 | D:2      | Killed a scorpion
   960 | D:2      | Reached skill level 4 in Shields
   960 | D:2      | Reached XP level 4. HP: 25/28 MP: 4/4
  1338 | D:2      | Found a faded altar of an unknown god.
  1683 | D:2      | Found a runed translucent door.
  1684 | D:2      | Noticed Crazy Yiuf
  1691 | D:2      | Killed Crazy Yiuf
  1692 | D:2      | Reached skill level 5 in Shields
  1692 | D:2      | Reached XP level 5. HP: 26/32 MP: 5/5
  1839 | D:3      | Slain by a gnoll

Illustrated notes

Levels and vault maps discovered:
D:1:      dpeg_arrival_fog, layout_loops_ring, kennysheep_boxes
D:2:      layout_basic, basic_ecumenical_altar, minmay_quadrilaterals,
          uniq_crazy_yiuf_cottage
D:3:      layout_rooms, gammafunk_ghost_nasty_kobolds, kennysheep_flooded_box

Skill      XL: |  1  2  3  4  5 |
---------------+----------------+-----
Maces & Flails | 3 4 |  4.0
Shields        | 4 5 |  5.1
Fighting       | |  3.2
Armour         | |  3.2

Action                   |  1- 3 |  4- 6 || total
-------------------------+-------+-------++-------
Melee: Flail             |    80 |    24 ||   104
       Mace              |       |    13 ||    13
  Use: Potion            |       |     1 ||     1
Armor: Scale mail        |    36 |    14 ||    50
Dodge: Dodged            |    22 |    16 ||    38
Block: Kite shield       |    51 |    18 ||    69

Table legend: (Time is in decaauts)
 A = Elapsed time spent in this place.
 B = Non-inter-level travel time spent in this place.
 C = Inter-level travel time spent in this place.
 D = Time resting spent in this place.
 E = Time spent auto-exploring this place.
 F = Levels seen in this place.
 G = Mean time per level.
                   A        B        C        D        E       F      G
               +--------+--------+--------+--------+--------+-----+--------+
         Total |   1894 |   1820 |     74 |    229 |   1174 |   3 |  631.3 |
       Dungeon |   1894 |   1820 |     74 |    229 |   1174 |   3 |  631.3 |
               +--------+--------+--------+--------+--------+-----+--------+

Top non-repeatable levels by time:
     D:1: 977 daAuts
     D:2: 870 daAuts
     D:3: 46 daAuts
